 Dungeon Crawl Stone Soup version 0.31.0-10-gcf4a605ca0 (webtiles) character file.

Game seed: 5017861440298175945

569 mainiacjoe the Conjurer (level 7, -7/38 HPs)
             Began as a Deep Elf Reaver on Jan 25, 2024.
             Succumbed to a scorpion's poison
             ... on level 4 of the Dungeon.
             The game lasted 00:11:32 (3474 turns).

mainiacjoe the Conjurer (Deep Elf Reaver)           Turns: 3474, Time: 00:11:32

Health: -7/38      AC:  8    Str:  9    XL:     7   Next: 11%
Magic:  10/13      EV: 12    Int: 20    God:
Gold:   183        SH:  0    Dex: 13    Spells: 6/12 levels left

rFire   . . .        a - +1 falchion
rCold   . . .        (no shield)
rNeg    . . .        b - +1 leather armour
rPois   .            (no helmet)
rElec   .            (no cloak)
rCorr   .            (no gloves)
SInv    .            (no boots)
Will    .....        m - amulet of magic regeneration
Stlth   +            d - +4 ring of protection
HPRegen 0.26/turn    (no ring)
MPRegen 0.53/turn

%: no passive effects
@: lethally poisoned (-7 -> -43), very slightly contaminated
A: no striking features
a: no special abilities


You were on level 4 of the Dungeon.
You visited 1 branch of the dungeon, and saw 4 of its levels.
You also visited: Sewer.

You collected 183 gold pieces.

Inventory:

Hand Weapons
 a - a +1 falchion (weapon)
Missiles
 c - 29 stones
 h - 4 poisoned darts
 k - 5 atropa-tipped darts {=F}
Armour
 b - a +1 leather armour (worn)
Jewellery
 d - a +4 ring of protection (left hand)
 m - an amulet of magic regeneration (around neck)
Wands
 g - a wand of flame (3)
Scrolls
 e - a scroll of blinking
 l - a scroll of enchant weapon
Potions
 f - 2 potions of brilliance
 j - a potion of cancellation


   Skills:
 - Level 1.5 Fighting
 + Level 5.1 Long Blades
 - Level 2.4 Dodging
 - Level 3.0 Spellcasting
 + Level 6.4 Conjurations
 - Level 3.0 Ice Magic


You had 6 spell levels left.
You knew the following spells:

 Your Spells              Type           Power      Damage    Failure   Level
a - Hailstorm             Conj/Ice       21%        3d7       9%          3
b - Momentum Strike       Conj/Tloc      30%        3d8       9%          2
k - Kiss of Death         Conj/Necr      60%        2d10      5%          1

Your spell library contained the following spells:

 Spells                   Type           Power      Damage    Failure   Level
 Sublimation of Blood     Necr           3%         N/A       30%         2
 Irradiate                Conj/Alch      7%         3d14      83%         5
 Petrify                  Alch/Erth      3%         N/A       89%         4


Dungeon Overview and Level Annotations

Branches:
Dungeon (4/15)              Sewer (visited)
 Temple: D:4-7

Altars:
Wu Jian


Message History

The scorpion misses you.
You hit the scorpion.
The scorpion is almost dead.
The scorpion stings you.
You are poisoned.
The scorpion poisons you! The scorpion misses you.
You barely miss the scorpion.
The scorpion is almost dead.
You feel very sick. The scorpion stings you.
You are more poisoned.
The scorpion poisons you! The scorpion misses you.
You hit the scorpion.
The scorpion is almost dead.
You feel very sick. The scorpion stings you.
You are lethally poisoned!
The scorpion poisons you! The scorpion stings you.
You are more poisoned.
The scorpion poisons you!
You hit the scorpion but do no damage.
The scorpion is almost dead.
You feel extremely sick. The scorpion barely misses you.
The scorpion stings you but does no damage.
The scorpion misses you. The scorpion stings you.
* * * LOW HITPOINT WARNING * * *
You are more poisoned.
The scorpion poisons you!
Okay, then.
Okay, then.
As you read the scroll of summoning, it crumbles to dust.
Wisps of shadow whirl around you...
You are no longer robbed of momentum.
* * * LOW HITPOINT WARNING * * *
You feel extremely sick. The scorpion closely misses you.
The scorpion stings you but does no damage.
Found 14 gold pieces.
You die...

#.. .. #.. ..
#.. . #.# .#
# #.##.##.. .
#.#.....$ ...
#..J.#
....####@.#
#.....S.<#.##
#...#.ss...#
.. #....J.#
#..†....#
.......###
.........
..!........#
.##.........


You could see 2 scorpions, a friendly jelly (summoned), a friendly endoplasm
(summoned) and a friendly ball python (summoned).

Vanquished Creatures
  Grinder (D:3)
  2 bullfrogs (Sewer)
  An orc priest (D:3)
  Ijyb (D:3)
  8 adders
  10 dart slugs
  7 orcs (D:3)
  8 bats
  5 endoplasms
  11 giant cockroaches
  4 goblins
  5 hobgoblins
  6 jackals
  5 quokkas
  12 ball pythons
  11 frilled lizards
  5 rats
102 creatures vanquished.

Notes
Turn   | Place    | Note
-------+----------+-------------------------------------------
     0 | D:1      | mainiacjoe the Deep Elf Reaver began the quest for the Orb.
     0 | D:1      | Reached XP level 1. HP: 12/12 MP: 6/6
   241 | D:1      | Reached XP level 2. HP: 16/16 MP: 8/8
   253 | D:1      | Learned a level 2 spell: Momentum Strike
   584 | D:1      | Reached skill level 4 in Conjurations
   642 | D:1      | Reached XP level 3. HP: 11/20 MP: 6/9
  1138 | D:2      | Learned a level 3 spell: Hailstorm
  1529 | D:3      | Reached XP level 4. HP: 23/23 MP: 7/10
  1661 | D:3      | Found a glowing drain.
  1670 | Sewer    | Entered a sewer
  1722 | Sewer    | Reached skill level 1 in Ice Magic
  1886 | Sewer    | Reached XP level 5. HP: 13/23 MP: 11/11
  2157 | Sewer    | Reached skill level 5 in Conjurations
  2244 | Sewer    | HP: 1/29 [dart slug/slug dart (4)]
  2462 | Sewer    | Reached XP level 6. HP: 29/32 MP: 7/12
  2815 | D:3      | Found an ornate altar of the Wu Jian Council.
  2916 | D:3      | Noticed Grinder
  2928 | D:3      | Killed Grinder
  2929 | D:3      | Reached skill level 5 in Long Blades
  2929 | D:3      | Reached skill level 6 in Conjurations
  3103 | D:3      | Identified the +0 robe of Gravitas {Slay+3}
  3110 | D:3      | Noticed Ijyb
  3118 | D:3      | Reached XP level 7. HP: 26/38 MP: 6/13
  3128 | D:3      | Killed Ijyb
  3473 | D:4      | HP: 1/38 [poisoned by a scorpion]
  3474 | D:4      | Succumbed to a scorpion's poison

Illustrated notes

Levels and vault maps discovered:
D:1:      amcnicky_arrival_single_pillar, layout_loops_ring, serial_bayou_lake_a
D:2:      layout_rooms
D:3:      layout_basic, old_standard_altar, portal_sewer_entry_d, uniq_grinder,
          uniq_ijyb
D:4:      layout_cave_pools, nicolae_houndstooth_variations, uniq_menkaure,
          uniq_blork_the_orc, uniq_crazy_yiuf_cottage, uniq_natasha

Skill      XL: |  1  2  3  4  5  6 |
---------------+-------------------+-----
Long Blades    | 3 4 5 |  5.1
Conjurations   | 4 5 6 |  6.4
Ice Magic      | 1 2 3 |  3.0
Fighting       | |  1.5
Dodging        | |  2.4
Spellcasting   | |  3.0

Action                     |  1- 3 |  4- 6 |  7- 9 || total
---------------------------+-------+-------+-------++-------
  Melee: Falchion          |   186 |   130 |    16 ||   332
         Punch             |     1 |     1 |       ||     2
  Throw: Dart              |       |     5 |       ||     5
   Cast: Momentum Strike   |     5 |     7 |     2 ||    14
         Kiss of Death     |     1 |     4 |       ||     5
         Hailstorm         |       |    12 |     1 ||    13
    Use: Scroll            |     8 |     3 |     1 ||    12
         Potion            |       |     3 |     1 ||     4
 Armour: Leather armour    |   117 |   123 |    21 ||   261
  Dodge: Dodged            |   156 |   154 |    18 ||   328
